 Dungeon Crawl Stone Soup version 0.29-a0-72-g1732ff48e7 (webtiles) character file.

Game seed: 3779354507037195825

23967 HallandMoats the Demolition Demonspawn (level 12, -2/99 HPs)
             Began as a Demonspawn Fighter on Feb 3, 2022.
             Was an Elder of Makhleb.
             Slain by Gastronok (29 damage)
             ... on level 12 of the Dungeon.
             The game lasted 00:29:46 (19460 turns).

HallandMoats the Demolition Demonspawn (DsFi)      Turns: 19460, Time: 00:29:46

Health: -2/99      AC: 13    Str: 25    XL:     12   Next: 76%
Magic:  21/21      EV: 12    Int:  7    God:    Makhleb [****..]
Gold:   903        SH: 12    Dex: 17    Spells: 11/11 levels left

rFire   + . .      SeeInvis +   g - +1 mace of Wuaxiewn {elec, rF+ Str+3 Dex+2}
rCold   + + +      Faith    .   l - +1 kite shield {rC+}
rNeg    + + .      Spirit   .   B - +1 scale mail of Shielding {rC+ Regen+ Str-3}
rPois   +          Reflect  .   (helmet unavailable)
rElec   .          Harm     .   e - +0 cloak
rCorr   .          Rampage  .   y - +1 pair of gloves
Will    .....                   G - +0 pair of boots
Stlth   ..........              (no amulet)
HPRegen 1.06/turn               q - ring of positive energy
MPRegen 0.17/turn               A - ring "Zeniaj" {rPois rC+++ rN+ Int-4 Dex+3}

@: studying Polearms
A: antennae 3, foul stench 2, spiny 2, big brain 1, fangs 1, strong 1, wild
magic 1
a: Renounce Religion, Minor Destruction, Lesser Servant of Makhleb, Major
Destruction


You were on level 12 of the Dungeon.
You worshipped Makhleb.
Makhleb was greatly pleased with you.
You visited 1 branch of the dungeon, and saw 12 of its levels.
You also visited: Ossuary.

You collected 903 gold pieces.

Inventory:

Hand Weapons
 a - a +1 trident
 g - the +1 mace of Wuaxiewn (weapon) {elec, rF+ Str+3 Dex+2}
   (You found it on level 5 of the Dungeon)

   It occasionally discharges a powerful burst of electricity upon striking a
   foe.
   Str:       It affects your strength (+3).
   Dex:       It affects your dexterity (+2).
   rF:        It protects you from fire.
 J - the +6 long sword "Bimadd" {vorpal, rElec Will+ rCorr Dex-4}
   (You found it on level 11 of the Dungeon)

   It inflicts extra damage upon your enemies.
   Dex:       It affects your dexterity (-4).
   rElec:     It insulates you from electricity.
   rCorr:     It protects you from acid and corrosion.
   Will:      It increases your willpower.
Missiles
 x - a throwing net (quivered)
Armour
 c - the +1 ring mail of Restlessness {rC+ Str+4 SInv}
   (You found it on level 9 of the Dungeon)

   Str:       It affects your strength (+4).
   rC:        It protects you from cold.
   SInv:      It lets you see invisible.
 e - a +0 cloak (worn)
 l - a +1 kite shield of cold resistance (worn)
 y - a +1 pair of gloves (worn)
 B - the +1 scale mail of Shielding (worn) {rC+ Regen+ Str-3}
   (You found it on level 8 of the Dungeon)

   Str:       It affects your strength (-3).
   rC:        It protects you from cold.
   Regen:     It increases your rate of health regeneration.
 G - a +0 pair of boots (worn)
Jewellery
 b - a ring of wizardry
 j - a ring of fire
 q - a ring of positive energy (left hand)
 w - a +6 ring of intelligence
 A - the ring "Zeniaj" (right hand) {rPois rC+++ rN+ Int-4 Dex+3}
   (You found it on level 8 of the Dungeon)

   [ring of positive energy]

   Int:       It affects your intelligence (-4).
   Dex:       It affects your dexterity (+3).
   rC:        It renders you almost immune to cold.
   rPois:     It protects you from poison.
   rN:        It protects you from negative energy.
Wands
 f - a wand of flame (55)
 u - a wand of iceblast (9)
 D - a wand of acid (1)
 F - a wand of digging (5)
 H - a wand of mindburst (8)
Scrolls
 i - 2 scrolls of blinking
 k - 3 scrolls of enchant armour
 n - 3 scrolls of teleportation
 o - 4 scrolls of identify
 p - 2 scrolls of amnesia
 r - 4 scrolls of fear
 v - 2 scrolls of enchant weapon
 z - a scroll of fog
Potions
 d - a potion of cancellation
 h - a potion of haste
 s - 2 potions of heal wounds
 t - 3 potions of curing
 C - 4 potions of ambrosia
 E - a potion of brilliance
 I - a potion of resistance
Miscellaneous
 m - a phantom mirror


   Skills:
 * Level 10.9 Fighting
 * Level 11.4 Polearms
 + Level 7.2 Armour
 + Level 6.6 Dodging
 + Level 7.3 Shields
 * Level 13.2 Invocations


You had 11 spell levels left.
You didn't know any spells.
Your spell library contained the following spells:

 Spells                   Type           Power      Damage    Failure   Level
 Summon Small Mammal      Summ           0%         N/A       97%         1
 Call Canine Familiar     Summ           0%         N/A       100%        3
 Summon Guardian Golem    Hex/Summ       0%         N/A       100%        3
 Cause Fear               Hex            0%         N/A       100%        4
 Passage of Golubria      Tloc           0%         N/A       100%        4
 Silence                  Hex/Air        0%         N/A       100%        5
 Dragon Form              Tmut           0%         N/A       100%        7
 Lehudib's Crystal Spear  Conj/Erth      0%         10d2      100%        8
 Dragon's Call            Summ           0%         N/A       100%        9


Dungeon Overview and Level Annotations

Branches:
Dungeon (12/15)            Temple (0/1) D:7            Lair (0/6) D:9
    Orc (0/2) D:11        Ossuary (visited)

Altars:
Elyvilon
Fedhas
Kikubaaqudgha
Makhleb
Okawaru
Ru
Trog
Uskayaw
Vehumet
Wu Jian
Zin
The Shining One

Shops:
D:9 =

Annotations:
D:4 Edmund
D:12 Gastronok


Innate Abilities, Weirdness & Mutations

You have a pair of large antennae on your head. (SInv)
You sometimes emit foul miasma when damaged in melee.
You are mostly covered in sharp spines.
You have an unusually large brain. (Int +2)
You have very sharp teeth.
Your muscles are strong. (Str +2)
Your spells are a little harder to cast, but a little more powerful.


Message History

The cyclops is heavily wounded.
The cyclops is struck by your spines.
The cyclops hits you but does no damage.
You barely miss the cyclops.
The cyclops is heavily wounded.
You block the cyclops's attack.
You hit the cyclops.
The cyclops is severely wounded.
You block the cyclops's attack.
You hit the cyclops. Lightning courses through the cyclops!
Your bite misses the cyclops.
The cyclops is almost dead.
The cyclops is struck by your spines.
You kill the cyclops!
Makhleb accepts your kill.
There is an open door here.
You hit Gastronok.
Gastronok is lightly wounded.
Gastronok closely misses you.
You sock Gastronok! You bite Gastronok, but do no damage.
Gastronok is lightly wounded.
Gastronok is struck by your spines. Gastronok bites you!!
You thump Gastronok!
Gastronok is lightly wounded.
Gastronok waves his eye-stalks in wide circles.
The air twists around and strikes you!
You thump Gastronok! Lightning courses through Gastronok!!
Gastronok is moderately wounded.
You hit Gastronok.
Gastronok is heavily wounded.
Gastronok waves his eye-stalks in wide circles.
The air twists around and strikes you!!
You hit Gastronok but do no damage. You bite Gastronok, but do no damage.
Gastronok is heavily wounded.
Gastronok is struck by your spines. Gastronok bites you!
* * * LOW HITPOINT WARNING * * *
You hit Gastronok.
Gastronok is heavily wounded.
Gastronok bites you!!
You die...

#...................#....
#...................'....
#...................#....
#..........##.......#....
##+####....##.......#....
##.............+....
+.<............#....
#.(............#....
###@############....
#...w...........(...
#...................
#...................
#...................
#...................
.................C....
...#+########'####)...
.... #.......#....


You could see Gastronok.

Vanquished Creatures
  4 centaur warriors
  5 two-headed ogres
  A death knight (D:9)
  A tengu warrior (D:9)
  2 orc knights
  A lindwurm (shapeshifter) (D:10)
  Pikel (D:4)
  A deep elf pyromancer (D:10)
  An ugly thing (D:10)
  A cyclops (D:12)
  Joseph (D:8)
  A kobold demonologist (D:10)
  An unseen horror (D:10)
  Maggie (D:6)
  A komodo dragon (D:9)
  A tengu conjurer (D:9)
  A queen bee (D:10)
  The ghost of Dordric the Archer, a novice DEHu (D:4)
  A troll (D:5)
  A slime creature (D:9)
  A hornet (D:11)
  A shadow (D:10)
  2 wyverns
  7 wraiths
  A basilisk (D:10)
  A steam dragon (D:10)
  8 yaks (D:10)
  7 vampire mosquitoes (D:11)
  A warg (D:9)
  An acid dragon (D:9)
  4 water moccasins
  5 orc warriors
  A sky beast (D:7)
  A necrophage (D:7)
  3 ogres
  6 centaurs
  4 kobold brigands
  A phantom (D:7)
  A lemure (D:4)
  3 bullfrogs
  Blork the orc (D:4)
  3 elf skeletons (D:4)
  4 scorpions
  32 killer bees
  A water moccasin skeleton (D:6)
  5 wights (D:7)
  2 electric eels (D:10)
  3 howler monkeys
  2 bullfrog zombies
  5 centaur zombies
  3 hounds
  A gnoll shaman (D:10)
  7 orc priests
  3 jellies
  A bullfrog skeleton (D:6)
  2 centaur skeletons (D:6)
  Ijyb (D:5)
  4 iguanas
  2 human skeletons (D:4)
  7 orc wizards
  8 mummies (Ossuary)
  2 howler monkey zombies
  4 gnolls (D:4)
  12 adders
  2 adder skeletons (D:4)
  4 worms
  4 dart slugs
  34 orcs
  9 ball pythons
  7 endoplasms
  A giant cockroach (D:1)
  13 goblins
  13 hobgoblins
  A quokka (D:4)
  5 bats
  6 frilled lizards
  2 gnoll zombies (Ossuary)
  3 hobgoblin zombies (Ossuary)
  21 kobolds
  A kobold zombie (Ossuary)
  An orc skeleton (D:4)
  2 orc zombies (Ossuary)
  6 rats
337 creatures vanquished.

Vanquished Creatures (collateral kills)
  A kobold demonologist (D:10)
  An orc warrior (D:10)
  2 electric eels (D:10)
  2 centaur zombies (D:10)
6 creatures vanquished.

Vanquished Creatures (others)
  27 plants
27 creatures vanquished.

Grand Total: 370 creatures vanquished

Notes
Turn   | Place    | Note
-------+----------+-------------------------------------------
     0 | D:1      | HallandMoats the Demonspawn Fighter began the quest for the
                  | Orb.
     0 | D:1      | Reached XP level 1. HP: 18/18 MP: 1/1
   219 | D:1      | Reached skill level 1 in Invocations
   219 | D:1      | Gained mutation: You are partially covered in sharp spines.
                  | [demonic ancestry]
   219 | D:1      | Reached XP level 2. HP: 23/24 MP: 2/2
   758 | D:1      | Gained mutation: You are mostly covered in sharp spines.
                  | [demonic ancestry]
   758 | D:1      | Reached XP level 3. HP: 29/29 MP: 4/4
  1361 | D:2      | Reached skill level 2 in Invocations
  1691 | D:2      | Reached XP level 4. HP: 33/35 MP: 5/5
  2007 | D:2      | Reached skill level 1 in Dodging
  2485 | D:3      | Found a blossoming altar of Fedhas.
  2501 | D:3      | Gained mutation: You may rarely emit foul miasma when
                  | damaged in melee. [demonic ancestry]
  2501 | D:3      | Reached XP level 5. HP: 28/42 MP: 5/7
  2681 | D:3      | Reached skill level 3 in Invocations
  3146 | D:4      | Found a sand-covered staircase.
  3157 | D:4      | Gained mutation: You have a pair of small antennae on your
                  | head. [demonic ancestry]
  3157 | D:4      | Reached XP level 6. HP: 42/48 MP: 8/8
  3160 | Ossuary  | Entered an ossuary
  3823 | D:4      | Reached skill level 4 in Invocations
  3889 | D:4      | Gained mutation: You have a pair of antennae on your head.
                  | [demonic ancestry]
  3889 | D:4      | Reached XP level 7. HP: 54/55 MP: 10/10
  4010 | D:4      | Noticed Pikel
  4030 | D:4      | Noticed Edmund
  4045 | D:4      | Killed Pikel
  4046 | D:4      | Reached skill level 5 in Fighting
  4046 | D:4      | Reached skill level 5 in Invocations
  4046 | D:4      | Gained mutation: You sometimes emit foul miasma when
                  | damaged in melee. [demonic ancestry]
  4046 | D:4      | Reached XP level 8. HP: 7/62 MP: 10/12
  4546 | D:4      | Noticed Blork the orc
  4556 | D:4      | Killed Blork the orc
  4996 | D:4      | Found a runed translucent door.
  4998 | D:4      | Noticed Dordric's ghost (novice DEHu)
  5466 | D:4      | Reached skill level 6 in Invocations
  5633 | D:4      | Killed Dordric's ghost
  5634 | D:4      | Reached skill level 5 in Polearms
  8662 | D:5      | Entered Level 5 of the Dungeon
  8680 | D:5      | Noticed a troll
  8703 | D:5      | Identified the +1 mace of Wuaxiewn {elec, rF+ Str+3 Dex+2}
  8712 | D:5      | Killed a troll
  8957 | D:5      | Noticed Ijyb
  8966 | D:5      | Killed Ijyb
  9045 | D:5      | Reached skill level 7 in Invocations
  9045 | D:5      | Reached XP level 9. HP: 36/69 MP: 14/14
  9714 | D:5      | Found a burning altar of Makhleb.
  9761 | D:5      | Became a worshipper of Makhleb the Destroyer
 10280 | D:6      | Noticed Maggie
 10291 | D:6      | Killed Maggie
 10292 | D:6      | Reached skill level 8 in Invocations
 10975 | D:6      | Reached skill level 5 in Shields
 11730 | D:6      | Reached * piety under Makhleb
 12074 | D:6      | Identified the +0 hand crossbow of Superiority {venom, rF+}
 12142 | D:7      | Found a staircase to the Ecumenical Temple.
 12187 | D:7      | Reached skill level 5 in Armour
 12708 | D:7      | Found an ornate altar of the Wu Jian Council.
 12948 | D:7      | Found a bloodstained altar of Trog.
 12958 | D:7      | Reached XP level 10. HP: 31/79 MP: 16/16
 13377 | D:7      | Found an ancient bone altar of Kikubaaqudgha.
 13508 | D:7      | Reached skill level 9 in Invocations
 14092 | D:8      | Identified the ring "Zeniaj" {rPois rC+++ rN+ Int-4 Dex+3}
 14142 | D:8      | Identified the +1 scale mail of Shielding {rC+ Regen+
                  | Str-3}
 14237 | D:8      | Noticed Joseph
 14258 | D:8      | Killed Joseph
 14449 | D:8      | Found an iron altar of Okawaru.
 14556 | D:9      | Reached ** piety under Makhleb
 14573 | D:9      | Found a staircase to the Lair.
 14617 | D:9      | Found a hide-covered altar of Uskayaw.
 14755 | D:9      | Found Felat's Jewellery Emporium.
 14871 | D:9      | Noticed a centaur warrior
 14871 | D:9      | Noticed a tengu warrior
 14871 | D:9      | Noticed a two-headed ogre
 14871 | D:9      | Noticed a two-headed ogre
 15102 | D:9      | Gained mutation: You are frail. (-10% HP) [potion of
                  | mutation]
 15102 | D:9      | Gained mutation: Your spells are a little easier to cast,
                  | but a little less powerful. [potion of mutation]
 15102 | D:9      | Gained mutation: Your spells are easier to cast, but less
                  | powerful. [potion of mutation]
 15102 | D:9      | Lost mutation: Your spells are easier to cast, but less
                  | powerful. [potion of mutation]
 15103 | D:9      | Lost mutation: Your spells are a little easier to cast, but
                  | a little less powerful. [potion of mutation]
 15103 | D:9      | Lost mutation: You are frail. (-10% HP) [potion of
                  | mutation]
 15103 | D:9      | Gained mutation: You are resistant to electric shocks.
                  | (rElec) [potion of mutation]
 15103 | D:9      | Gained mutation: You have very sharp teeth. [potion of
                  | mutation]
 15103 | D:9      | Gained mutation: You have sharp toenails. [potion of
                  | mutation]
 15104 | D:9      | Lost mutation: You have sharp toenails. [potion of
                  | mutation]
 15104 | D:9      | Lost mutation: You are resistant to electric shocks.
                  | (rElec) [potion of mutation]
 15104 | D:9      | Lost mutation: You have very sharp teeth. [potion of
                  | mutation]
 15104 | D:9      | Gained mutation: Your spells are a little harder to cast,
                  | but a little more powerful. [potion of mutation]
 15104 | D:9      | Gained mutation: You have very sharp teeth. [potion of
                  | mutation]
 15104 | D:9      | Gained mutation: You have a pair of large antennae on your
                  | head. (SInv) [potion of mutation]
 15104 | D:9      | Gained mutation: Your muscles are strong. (Str +2) [potion
                  | of mutation]
 15148 | D:9      | Killed a centaur warrior
 15182 | D:9      | Reached skill level 10 in Invocations
 15283 | D:9      | Killed a tengu warrior
 15334 | D:9      | Identified the +1 ring mail of Restlessness {rC+ Str+4
                  | SInv}
 15416 | D:9      | Noticed a centaur warrior
 15470 | D:9      | Killed a centaur warrior
 15471 | D:9      | Reached skill level 5 in Dodging
 15513 | D:9      | Killed a two-headed ogre
 15514 | D:9      | Reached XP level 11. HP: 30/87 MP: 18/18
 15646 | D:9      | Killed a two-headed ogre
 15850 | D:9      | Found a sacrificial altar of Ru.
 15976 | D:10     | Entered Level 10 of the Dungeon
 16014 | D:10     | Noticed a death knight
 16149 | D:9      | Killed a death knight
 16150 | D:9      | Reached skill level 11 in Invocations
 16488 | D:10     | Found a radiant altar of Vehumet.
 16571 | D:10     | Reached *** piety under Makhleb
 16743 | D:10     | Noticed an orc knight
 16847 | D:9      | Killed an orc knight
 17812 | D:10     | Noticed a centaur warrior
 17824 | D:10     | Killed a centaur warrior
 17860 | D:10     | Gained mutation: You have an unusually large brain. (Int
                  | +2) [demonic ancestry]
 17860 | D:10     | Reached XP level 12. HP: 68/97 MP: 20/20
 17969 | D:10     | Reached skill level 10 in Polearms
 17969 | D:10     | Reached skill level 12 in Invocations
 18006 | D:10     | Reached skill level 10 in Fighting
 18015 | D:10     | Noticed a two-headed ogre
 18064 | D:10     | Killed a two-headed ogre
 18207 | D:10     | Noticed a centaur warrior
 18217 | D:10     | Killed a centaur warrior
 18293 | D:10     | Noticed a two-headed ogre
 18319 | D:10     | Killed a two-headed ogre
 18328 | D:10     | HP: 2/98 [lindwurm (shapeshifter) (5)]
 19001 | D:11     | Reached **** piety under Makhleb
 19009 | D:11     | Reached skill level 13 in Invocations
 19160 | D:11     | Found a staircase to the Orcish Mines.
 19242 | D:11     | Identified the +6 long sword "Bimadd" {vorpal, rElec Will+
                  | rCorr Dex-4}
 19371 | D:12     | Noticed a two-headed ogre
 19375 | D:12     | Noticed Gastronok
 19381 | D:12     | Killed a two-headed ogre
 19460 | D:12     | Slain by Gastronok

Illustrated notes

Levels and vault maps discovered:
D:1:      minmay_arrival_checkered_box, layout_basic, serial_bayou_lagoon_a,
          palyth_stone_intersect, minmay_pentomino_o4
D:2:      layout_basic
D:3:      layout_rooms, fedhas_altar_1, serial_corexii_hall,
          corexii_hall_statues_s, corexii_hall_statues_x,
          corexii_hall_statues_t, chequers_hall_statues_wall_a,
          chequers_serial_rivers_marsh
D:4:      layout_loops_corners, ebering_ghost_sewer_d,
          nicolae_ossuary_entry_catacombs, uniq_blork_the_orc, uniq_pikel,
          uniq_edmund
D:5:      lemuel_ice_spiral_2, layout_basic, makhleb_heckhound_becter, uniq_ijyb
D:6:      nicolae_cairo_tiling, layout_gridville, good_gods_temple_1,
          serial_co_window_serial, co_window_corner_a,
          co_window_of_opportunity_a, co_window_corner_a, co_window_corner_a,
          co_window_cross_1, co_window_corner_ca, co_window_corner_b,
          co_window_broadway_c, co_window_cross_4, co_window_broadway_b,
          co_window_2corner, co_window_corner_ca, glass_columns_a,
          grunt_ministairs_9, corexii_shack, uniq_maggie
D:7:      layout_loops_corners, nicolae_wu_jian_wuxing_cycle,
          kiku_gazebo_pond_becter, trog_butcher_becter,
          minmay_temple_entry_crystal_x
D:8:      layout_rooms, okawaru_metal_pillars_1_2, uniq_joseph
D:9:      minmay_the_grid_triangle_9x9_recursive_2
          [minmay_the_grid_triangle_9x9_prize_top_heavy,
          minmay_the_grid_triangle_9x9_corrupted_corridor,
          minmay_the_grid_triangle_9x9_zippers_horizontal,
          minmay_the_grid_triangle_9x9_sprig], layout_basic,
          nicolae_ru_path_of_blood, mainiacjoe_overflow_boulevard,
          david_lair_shrubbed, serial_shops, nicolae_lakefront_shop,
          small_statue_alley_b
D:10:     minmay_quarter_circles, layout_basic, kennysheep_mini, special_room
          [special_room_bee]
D:11:     layout_gridville, orc_0_dummy
D:12:     layout_gridville, uniq_gastronok

Skill      XL: |  1  2  3  4  5  6  7  8  9 10 11 12 |
---------------+-------------------------------------+-----
Invocations    | 1 2 3 4 5 7 8 10 11 13 | 13.2
Polearms       | 2 3 4 5 6 7 9 11 | 11.4
Shields        | 3 4 5 6 7 |  7.3
Armour         | 3 4 5 6 7 |  7.2
Dodging        | 1 2 3 4 5 6 |  6.6
Fighting       | 4 5 6 7 8 9 10 | 10.9

Action                   |  1- 3 |  4- 6 |  7- 9 | 10-12 || total
-------------------------+-------+-------+-------+-------++-------
Melee: Trident           |    90 |   156 |   110 |       ||   356
       Mace              |       |       |   174 |   460 ||   634
       Bite              |       |       |       |    64 ||    64
Invok: Lesser Servant of |       |       |       |     3 ||     3
Evoke: Wand              |       |       |       |     2 ||     2
  Use: Potion            |       |     1 |     5 |     3 ||     9
       Scroll            |       |       |    14 |     9 ||    23
 Stab: Distracted        |       |       |       |     1 ||     1
Armor: Scale mail        |    21 |    26 |    80 |   234 ||   361
       Steam dragon scal |       |       |    15 |     9 ||    24
Dodge: Dodged            |    20 |    27 |   118 |   346 ||   511
Block: Buckler           |     9 |    21 |    82 |    42 ||   154
       Kite shield       |       |       |       |   408 ||   408

Table legend: (Time is in decaauts)
 A = Elapsed time spent in this place.
 B = Non-inter-level travel time spent in this place.
 C = Inter-level travel time spent in this place.
 D = Time resting spent in this place.
 E = Time spent auto-exploring this place.
 F = Levels seen in this place.
 G = Mean time per level.
                   A        B        C        D        E       F      G
               +--------+--------+--------+--------+--------+-----+--------+
         Total |  20008 |  19354 |    654 |   5336 |   9588 |  13 | 1539.1 |
       Dungeon |  19347 |  18693 |    654 |   5167 |   9194 |  12 | 1612.2 |
       Ossuary |    661 |    661 |      0 |    169 |    394 |   1 |  661.0 |
               +--------+--------+--------+--------+--------+-----+--------+

Top non-repeatable levels by time:
     D:4: 4674 daAuts
    D:10: 2942 daAuts
     D:6: 2290 daAuts
     D:9: 1766 daAuts
     D:7: 1750 daAuts
     D:1: 1299 daAuts
     D:5: 1234 daAuts
     D:2: 1190 daAuts
     D:3: 915 daAuts
     D:8: 736 daAuts
 Ossuary: 661 daAuts
    D:11: 393 daAuts
    D:12: 154 daAuts
